 Dungeon Sprint DCSS version 0.24.0-13-gcf9b319 (webtiles) character file.

Game seed: 16869242801708082860, levelgen mode: deterministic

5297 2bobheroes the Devastator (level 10, -6/44 HPs)
             Began as a Felid Conjurer on Jan 17, 2020.
             Was a High Priest of Sif Muna.
             Engulfed by a cloud of steam (8 damage)
             ... in the Dungeon (Sprint I: "Red Sonja").
             The game lasted 00:39:32 (4991 turns).

2bobheroes the Devastator (Felid Conjurer)          Turns: 4991, Time: 00:39:33

Health: -6/44      AC:  2    Str:  4    XL:     10   Next: 37%
Magic:  29/29      EV: 26    Int: 20    God:    Sif Muna [*****.]
Gold:   517        SH:  0    Dex: 15    Spells: 0/37 levels left
                                        Lives:  0   Deaths: 3

rFire    . . .     SeeInvis +     - Unarmed
rCold    . . .     Gourm    .   (shield unavailable)
rNeg     . . .     Faith    .   (armour unavailable)
rPois    .         Spirit   .   (helmet unavailable)
rElec    .         Reflect  .   (cloak unavailable)
rCorr    .         Harm     .   (gloves unavailable)
MR       +....     NoTele   +   (boots unavailable)
Stlth    ++++......             (no amulet)
HPRegen  0.14/turn              q - ring of wizardry
MPRegen  0.21/turn              (no ring)

@: quick
A: very small, no armour, no weapons or thrown items, stealth, claws 1, fangs 3,
see invisible, carnivore, clumsy 1, speed 1, frail 1, mutation resistance 1,
shaggy fur 2, slow metabolism 1, wild magic 1, MP-powered wands, sharp paws
a: Channel Magic, Forget Spell, Divine Exegesis, Renounce Religion


You were in the Dungeon.
You worshipped Sif Muna.
Sif Muna was extremely pleased with you.
You were not hungry.

You visited 1 branch You collected 1545 gold pieces.
You spent 1028 gold pieces at shops.

Inventory:

Jewellery
 q - a ring of wizardry (left paw)
 r - an uncursed ring of ice
Wands
 a - a wand of random effects (40)
 c - a wand of acid (7)
Scrolls
 g - 3 scrolls of immolation
 h - a scroll of blinking
 j - a scroll of holy word
 l - a scroll of fear
 n - 3 scrolls of identify
 o - 2 scrolls of remove curse
Potions
 d - a potion of brilliance
 f - 2 potions of magic
 i - 2 potions of curing
 k - a potion of agility
Miscellaneous
 m - a fan of gales
 p - a lightning rod (4/4)
Comestibles
 b - 2 rations


   Skills:
 + Level 8.4 Fighting
 + Level 11.1 Dodging
 - Level 7.7 Stealth
 - Level 1.0 Unarmed Combat
 + Level 14.0 Spellcasting
 - Level 17.6 Conjurations
 * Level 9.4 Summonings
 - Level 4.9 Invocations


You couldn't memorise any spells.
You knew the following spells:

 Your Spells              Type           Power        Failure   Level  Hunger
a - Magic Dart            Conj           ####         1%          1    None
b - Orb of Destruction    Conj           #######...   1%          7    ######.
c - Fulminant Prism       Conj/Hex       ######....   1%          4    None
d - Iskenderun's Mystic   Conj           #######.     1%          4    None
e - Summon Lightning Spi  Summ/Air       #####...     4%          4    None
f - Mephitic Cloud        Conj/Pois/Air  #####...     1%          3    None
g - Spellforged Servitor  Conj/Summ      ######....   9%          7    ######.
h - Slow                  Hex            ###.....     4%          2    None
i - Bolt of Magma         Conj/Fire/Erth #####.....   7%          5    ###....

Your spell library contained the following spells:

 Spells                   Type           Power        Failure   Level  Hunger
 Flame Tongue             Conj/Fire      #####        1%          1    None
 Summon Small Mammal      Summ           ####         1%          1    None
 Call Imp                 Summ           ######..     1%          2    None
 Searing Ray              Conj           ######       1%          2    None
 Call Canine Familiar     Summ           ######..     1%          3    None
 Conjure Flame            Conj/Fire      ######..     1%          3    None
 Dazzling Spray           Conj/Hex       ######       1%          3    None
 Static Discharge         Conj/Air       ######..     1%          3    None
 Summon Guardian Golem    Hex/Summ       #####...     1%          3    None
 Force Lance              Conj/Tloc      ######..     1%          4    None
 Sticky Flame             Conj/Fire      ######..     1%          4    None
 Fireball                 Conj/Fire      ######....   2%          5    ###....
 Iskenderun's Battlesphe  Conj/Chrm      ######..     2%          5    ###....
 Lightning Bolt           Conj/Air       ######....   2%          5    ###....
 Venom Bolt               Conj/Pois      ######....   2%          5    ###....
 Blink                    Tloc           N/A          4%          2    None
 Summon Ice Beast         Ice/Summ       #####...     4%          4    None
 Vampiric Draining        Necr           ###.......   9%          3    None
 Bolt of Cold             Conj/Ice       ######....   11%         6    #####..
 Bolt of Fire             Conj/Fire      ######....   11%         6    #####..
 Conjure Ball Lightning   Conj/Air       ######....   11%         6    #####..
 Iron Shot                Conj/Erth      ######....   11%         6    #####..
 Cause Fear               Hex            ###.......   22%         4    None
 Silence                  Hex/Air        ###.......   50%         5    ###....
 Haunt                    Necr/Summ      #####.....   92%         7    ######.
 Death Channel            Necr           ###.......   95%         6    #####..
 Deflect Missiles         Chrm/Air       ###.......   95%         6    #####..
 Dragon Form              Tmut           ###.......   100%        7    ######.
 Borgnjor's Revivificati  Necr           ###.......   100%        8    #######
 Dragon's Call            Summ           ######....   100%        9    #######
 Fire Storm               Conj/Fire      ######....   100%        9    #######
 Tornado                  Air            ###.......   100%        9    #######


Dungeon Overview and Level Annotations

Branches:
Dungeon (1/1)

Altars:
Cheibriados
Dithmenos
Elyvilon
Fedhas
Gozag
Hepliaklqana
Kikubaaqudgha
Makhleb
Nemelex Xobeh
Okawaru
Qazlal
Ru
Sif Muna
Trog
Uskayaw
Vehumet
Wu Jian
Xom
Yredelemnul
Zin
The Shining One
Jiyva
Lugonu

Shops:
D %%*[?[?[:[}}(([[!=[[!


Innate Abilities, Weirdness & Mutations

You cannot wear armour.
You are incapable of wielding weapons or throwing items.
Your paws allow you to move quietly. (Stealth)
You have sharp claws.
You have razor-sharp teeth.
You have supernaturally acute eyesight. (SInv)
You are carnivorous and can eat meat at any time.
You cover ground quickly.
You are covered in thick fur. (AC +2)
You have a slow metabolism.
Your sharp claws are effective at attacking unaware monsters.
You are clumsy. (Dex -2)
You are frail. (-10% HP)
You are somewhat resistant to further mutation.
Your spells are a little harder to cast, but a little more powerful.
You expend magic power (3 MP) to strengthen your wands.


Message History

You see here 27 gold pieces.
You are engulfed in a cloud of scalding steam.
Found 54 gold pieces.
You see here 27 gold pieces.
You now have 517 gold pieces (gained 27).
You are engulfed in a cloud of scalding steam.
You are engulfed in a cloud of scalding steam.
You see here 27 gold pieces.
You are engulfed in a cloud of scalding steam.
You see here 27 gold pieces.
You open the door.
You are engulfed in a cloud of scalding steam.
* * * LOW HITPOINT WARNING * * *
Really walk into that cloud of steam?
Okay, then.
Really walk into that cloud of steam? [Y]es or [N]o only, please.
Really walk into that cloud of steam?
You are engulfed in a cloud of scalding steam.
You die...

#####################**********
.§§§.§§.§§..#m§§@§§§#,,,,,,,,,*
###§..§§##8(8^§#§§§§##,,,,,,,,*
,*##§§§#######'#§§§$§#****,,,,*
+*,###+#,,,**,.#§$§§§#,,,*,,,,*
,,,*,#.#*,,,*,.##§$§§#,∩,*,,,,*
,,,**#..###$#,.≈###+##,,,*,,,,*
,,,,,##.#A#$#,m≈,,*,****+*,,,,*
,,,,,*,.###$#,.4§**+*,,,,**,,,*
**++**,##..$#,.≈#*,,,,,,,,**,,*


There were no monsters in sight!

Vanquished Creatures
  A hydra (D)
  2 centaur warriors (D)
  2 unseen horrors (D)
  A deep troll (D)
  A lindwurm (D)
  An oklob plant (D)
  8 shining eyes (D)
  A gargoyle (D)
  2 kobold demonologists (D)
  3 demonic crawlers (D)
  A hellwing (D)
  A hornet (D)
  A slime creature (D)
  2 redbacks (D)
  Sigmund (D)
  10 hogs (D)
  A yak (D)
  7 floating eyes (D)
  5 necrophages (D)
  An ogre (D)
  3 jellies (D)
  Ijyb (D)
  2 ballistomycete spores (D)
  A fulminant prism (D)
59 creatures vanquished.

Vanquished Creatures (collateral kills)
  A demonic crawler (D)
  3 hogs (D)
  2 necrophages (D)
  5 jellies (D)
11 creatures vanquished.

Vanquished Creatures (others)
  Sonja (D)
  A gargoyle (D)
  24 fulminant prisms (D)
26 creatures vanquished.

Grand Total: 96 creatures vanquished

Notes
Turn   | Place    | Note
-------+----------+-------------------------------------------
     0 | D        | 2bobheroes the Felid Conjurer began the quest for the Orb.
     0 | D        | Reached XP level 1. HP: 7/7 MP: 4/4
     3 | D        | Noticed Ijyb
    13 | D        | Killed Ijyb
    13 | D        | Reached skill level 6 in Conjurations
    13 | D        | Reached XP level 2. HP: 3/11 MP: 6/6
   289 | D        | Learned a level 2 spell: Searing Ray
   289 | D        | Noticed an ogre
   301 | D        | Killed an ogre
   301 | D        | Reached skill level 1 in Unarmed Combat
   301 | D        | Reached skill level 8 in Conjurations
   301 | D        | Reached XP level 3. HP: 15/15 MP: 1/8
   301 | D        | Reached XP level 4. HP: 18/18 MP: 1/9
   390 | D        | Noticed Sigmund
   395 | D        | Killed Sigmund
   395 | D        | Reached skill level 5 in Spellcasting
   395 | D        | Reached skill level 10 in Conjurations
   395 | D        | Reached XP level 5. HP: 21/21 MP: 5/13
   401 | D        | Learned a level 4 spell: Fulminant Prism
   467 | D        | Learned a level 4 spell: Iskenderun's Mystic Blast
   485 | D        | Found an ornate altar of the Wu Jian Council.
   485 | D        | Found a shimmering blue altar of Sif Muna.
   491 | D        | Gained mutation: You are covered in thick fur. (AC +2)
                  | [Felid growth]
   491 | D        | Reached XP level 6. HP: 25/25 MP: 9/15
   537 | D        | Found a radiant altar of Vehumet.
   544 | D        | Became a worshipper of Sif Muna the Loreminder
   563 | D        | Found Coaw Zyres's Armour Emporium.
   563 | D        | Found an ancient bone altar of Kikubaaqudgha.
   563 | D        | Found a hazy altar of Hepliaklqana.
   563 | D        | Found a stormy altar of Qazlal.
   563 | D        | Found a hide-covered altar of Uskayaw.
   563 | D        | Found a blossoming altar of Fedhas.
   563 | D        | Found a bloodstained altar of Trog.
   563 | D        | Found an iron altar of Okawaru.
   563 | D        | Found a basalt altar of Yredelemnul.
   563 | D        | Found a glowing golden altar of the Shining One.
   563 | D        | Found a snail-covered altar of Cheibriados.
   563 | D        | Found a sacrificial altar of Ru.
   563 | D        | Found a glowing silver altar of Zin.
   563 | D        | Found a shadowy altar of Dithmenos.
   563 | D        | Found a white marble altar of Elyvilon.
   563 | D        | Noticed a yak
   571 | D        | Killed a yak
   571 | D        | Reached skill level 11 in Conjurations
   674 | D        | Noticed Sonja
   693 | D        | Killed Sonja
   693 | D        | Reached skill level 13 in Conjurations
   693 | D        | Reached XP level 7. HP: 6/28 MP: 4/20
   695 | D        | HP: 1/28 [poisoned by Sonja (curare-tipped dart)]
   696 | D        | Succumbed to Sonja's curare-tipped dart
   697 | D        | Reached XP level 6. HP: -1/25 MP: 5/18
   753 | D        | Found Enuykuqich's Food Boutique.
   755 | D        | Noticed a floating eye
   755 | D        | Noticed a shining eye
   755 | D        | Noticed a floating eye
   755 | D        | Noticed a shining eye
   755 | D        | Noticed a floating eye
   755 | D        | Noticed a shining eye
   757 | D        | Noticed a shining eye
   757 | D        | Noticed a shining eye
   757 | D        | Noticed a shining eye
   758 | D        | Paralysed by a floating eye for 2 turns
   758 | D        | Gained mutation: You expend magic power (3 MP) to
                  | strengthen your wands. [a shining eye]
   759 | D        | Killed a floating eye
   759 | D        | Reached XP level 7. HP: 28/28 MP: 15/20
   759 | D        | Reached * piety under Sif Muna
   759 | D        | Reached skill level 14 in Conjurations
   760 | D        | Gained mutation: You are frail. (-10% HP) [a shining eye]
   760 | D        | Gained mutation: You are clumsy. (Dex -2) [a shining eye]
   760 | D        | Gained mutation: You are somewhat resistant to further
                  | mutation. [a shining eye]
  1038 | D        | Noticed a shining eye
  1040 | D        | Noticed a shining eye
  1041 | D        | Gained mutation: Your spells are a little harder to cast,
                  | but a little more powerful. [a shining eye]
  1464 | D        | Killed a shining eye
  1464 | D        | Reached skill level 15 in Conjurations
  1464 | D        | Reached XP level 8. HP: 27/27 MP: 5/22
  1589 | D        | Killed a shining eye
  1589 | D        | Reached ** piety under Sif Muna
  1589 | D        | Reached skill level 10 in Spellcasting
  1591 | D        | Killed a shining eye
  1591 | D        | Reached skill level 16 in Conjurations
  1591 | D        | Reached XP level 9. HP: 30/30 MP: 4/24
  1593 | D        | Killed a shining eye
  1732 | D        | Killed a shining eye
  1732 | D        | Reached *** piety under Sif Muna
  1733 | D        | Killed a shining eye
  1733 | D        | Reached skill level 17 in Conjurations
  1851 | D        | Killed a shining eye
  1851 | D        | Killed a shining eye
  1851 | D        | Reached XP level 10. HP: 34/34 MP: 7/27
  1862 | D        | Found Cyciudok's Food Shoppe.
  1862 | D        | Found Vofiob's Magic Scroll Shop.
  1862 | D        | Found Qoruos's Assorted Antiques.
  1862 | D        | Found Boerid's Antique Armour Boutique.
  1911 | D        | Found an opulent altar of Gozag.
  1912 | D        | Found a sparkling altar of Nemelex Xobeh.
  1950 | D        | Bought a scroll labeled RAAM CIATUDENT for 20 gold pieces
  1950 | D        | Bought a scroll labeled ECROL ICHEMU for 20 gold pieces
  1950 | D        | Bought a red potion for 18 gold pieces
  1959 | D        | Bought a scroll of fear for 38 gold pieces
  1959 | D        | Bought a scroll of magic mapping for 38 gold pieces
  1959 | D        | Bought a scroll of identify for 22 gold pieces
  1959 | D        | Bought a scroll of identify for 22 gold pieces
  1959 | D        | Bought a scroll of identify for 22 gold pieces
  1959 | D        | Bought a scroll of identify for 22 gold pieces
  1959 | D        | Bought a scroll of remove curse for 33 gold pieces
  1967 | D        | Learned a level 4 spell: Force Lance
  1999 | D        | Found a burning altar of Makhleb.
  1999 | D        | Found a viscous altar of Jiyva.
  1999 | D        | Found a shimmering altar of Xom.
  1999 | D        | Found a corrupted altar of Lugonu.
  2010 | D        | Reached **** piety under Sif Muna
  2010 | D        | Reached skill level 1 in Fighting
  2010 | D        | Reached skill level 1 in Invocations
  2164 | D        | Noticed a centaur warrior
  2167 | D        | Killed a centaur warrior
  2167 | D        | Reached skill level 5 in Dodging
  2167 | D        | Reached skill level 5 in Stealth
  2167 | D        | Noticed a centaur warrior
  2171 | D        | Shot with an arrow by a centaur warrior
  2172 | D        | Reached XP level 9. HP: -2/34 MP: 6/26
  2181 | D        | Killed a centaur warrior
  2256 | D        | Noticed a deep troll
  2264 | D        | Killed a deep troll
  2264 | D        | Reached ***** piety under Sif Muna
  2264 | D        | Reached XP level 10. HP: 38/38 MP: 10/27
  2364 | D        | Identified Sif Muna's Incunabulum of Excruciating Venom
                  | (Sif Muna gifted it to you in the Dungeon)
  2364 | D        | Received a gift from Sif Muna
  2364 | D        | Reached skill level 5 in Fighting
  2372 | D        | Learned a level 3 spell: Mephitic Cloud
  2380 | D        | Learned a level 7 spell: Spellforged Servitor
  2386 | D        | Learned a level 5 spell: Fireball
  2498 | D        | Noticed an oklob plant
  2510 | D        | Killed an oklob plant
  2758 | D        | Noticed an unseen horror
  2758 | D        | Noticed an unseen horror
  2764 | D        | Killed an unseen horror
  2766 | D        | Killed an unseen horror
  2779 | D        | Received a gift from Sif Muna
  2794 | D        | Reached skill level 5 in Summonings
  2806 | D        | Learned a level 5 spell: Bolt of Magma
  2811 | D        | Received a gift from Sif Muna
  2954 | D        | Found Ukafosh's Jewellery Boutique.
  2954 | D        | Found Uloucw's Armour Shoppe.
  3065 | D        | Found Uhaocvez's Antique Armour Emporium.
  3065 | D        | Found Qima's Book Boutique.
  3066 | D        | Found Eminel's Distillery.
  3082 | D        | Found Asaj's Magic Scroll Shop.
  3084 | D        | Found Lateck's Armour Emporium.
  3084 | D        | Found Jolach's Gadget Shop.
  3084 | D        | Found Liffethrivu's Gadget Shoppe.
  3084 | D        | Found Fouhigyo's Antique Weapon Boutique.
  3084 | D        | Found Qoughud's Antique Weapon Emporium.
  3084 | D        | Found Doteoh's Armour Shop.
  3084 | D        | Found Segakoz's Antique Armour Shoppe.
  3085 | D        | Found Xereh's Distillery.
  3095 | D        | Bought a potion of curing for 36 gold pieces
  3107 | D        | Bought a book of Minor Magic for 280 gold pieces
  3108 | D        | Bought a scroll of immolation for 45 gold pieces
  3108 | D        | Bought a scroll of identify for 26 gold pieces
  3108 | D        | Bought a scroll of identify for 26 gold pieces
  3121 | D        | Bought an uncursed ring of wizardry for 360 gold pieces
  3138 | D        | Learned a level 7 spell: Orb of Destruction
  3144 | D        | Learned a level 4 spell: Summon Lightning Spire
  3192 | D        | Found Xodar's Armour Emporium.
  3345 | D        | HP: 2/41 [demonic crawler (4)]
  3559 | D        | Killed a gargoyle
  3985 | D        | Noticed a gargoyle
  4022 | D        | Killed a gargoyle
  4128 | D        | Noticed a lindwurm
  4134 | D        | Killed a lindwurm
  4134 | D        | Received a gift from Sif Muna
  4134 | D        | Reached skill level 10 in Dodging
  4134 | D        | Reached XP level 11. HP: 45/45 MP: 11/29
  4286 | D        | Identified Sif Muna's Tome of Ignition and Evil (Sif Muna
                  | gifted it to you in the Dungeon)
  4286 | D        | Received a gift from Sif Muna
  4837 | D        | Noticed a daeva
  4848 | D        | Noticed a 12-headed hydra
  4870 | D        | Killed a 12-headed hydra
  4931 | D        | Paralysed by a floating eye for 2 turns
  4933 | D        | Received a gift from Sif Muna
  4940 | D        | Learned a level 2 spell: Slow
  4967 | D        | Noticed a deep elf annihilator
  4984 | D        | Slain by a merfolk siren
  4985 | D        | Reached XP level 10. HP: -4/44 MP: 6/29
  4990 | D        | HP: 2/44 [something (12)]
  4991 | D        | Engulfed by a cloud of steam

Levels and vault maps discovered:
D:        dungeon_sprint_1 [red_sonja_temple_1, red_sonja_temple_small_1]

Skill      XL: |  1  2  3  4  5  6  7  8  9 10 11 |
---------------+----------------------------------+-----
Conjurations   | 6 8 10 13 15 16 17 | 17.6
Unarmed Combat | 1 |  1.0
Spellcasting   | 5 8 9 10 12 13 14 | 14.0
Fighting       | 4 7 8 |  8.4
Dodging        | 6 10 11 | 11.1
Stealth        | 7 5 |  7.7
Invocations    | 4 3 |  4.9
Summonings     | 7 9 |  9.4

Action                   |  1- 3 |  4- 6 |  7- 9 | 10-12 || total
-------------------------+-------+-------+-------+-------++-------
Melee: Unarmed           |     7 |       |     3 |     5 ||    15
       Bite              |     4 |       |       |       ||     4
 Cast: Searing Ray       |     1 |     4 |       |       ||     5
       Magic Dart        |     1 |     2 |       |     3 ||     6
       Fulminant Prism   |       |     4 |    10 |    11 ||    25
       Iskenderun's Myst |       |       |    20 |    19 ||    39
       Orb of Destructio |       |       |       |    17 ||    17
       Bolt of Magma     |       |       |       |    14 ||    14
       Summon Lightning  |       |       |       |     5 ||     5
       Spellforged Servi |       |       |       |     5 ||     5
       Fireball          |       |       |       |     2 ||     2
       Mephitic Cloud    |       |       |       |     3 ||     3
       Force Lance       |       |       |       |     1 ||     1
Invok: Forget Spell      |       |       |       |     3 ||     3
       Channel Magic     |       |       |       |     1 ||     1
  Use: Potion            |     1 |     2 |       |     1 ||     4
       Scroll            |       |       |       |     5 ||     5
  Eat: Chunk             |       |    13 |     6 |    15 ||    34
Armor: Skin              |       |       |       |     2 ||     2
Dodge: Dodged            |     3 |       |     1 |    47 ||    51
